 Dungeon Crawl Stone Soup version 0.19-a0-1341-g3513869 (webtiles) character file.

120831 Leszczynek the Brawler (level 16, -1/139 HPs)
             Began as a Minotaur Monk on Sept 1, 2016.
             Was an Elder of Cheibriados.
             Slain by an iron troll (28 damage)
             ... on level 2 of the Depths.
             The game lasted 01:43:24 (15767 turns).

Leszczynek the Brawler (Minotaur Monk)             Turns: 15767, Time: 01:43:25

Health: -1/139     AC: 20    Str: 31      XL:     16   Next: 31%
Magic:  2/22       EV: 24    Int: 26 (27) God:    Cheibriados [****..]
Gold:   1736       SH: 16    Dex: 29      Spells: 7 memorised, 2 levels left

rFire  + . .     SeeInvis .       - Unarmed
rCold  . . .     Gourm    +     h - +2 robe {Archmagi}
rNeg   . . .     Faith    .     r - +0 shield
rPois  .         Spirit   .     (helmet restricted)
rElec  +         Dismiss  .     A - +1 cloak {MR+}
rCorr  .         Reflect  .     c - +1 pair of gloves {Str+3}
MR     ++...     Harm     .     o - +2 pair of boots of Narcissism {rElec Int+3}
Stlth  +++....... Clarity  +    i - amulet of the gourmand
                                Z - ring of protection from fire
                                K - ring "Xedobrar" {AC+5 Dex+2}

@: very slow
A: retaliatory headbutt, horns 2, thin metallic scales 1, thin skeletal
structure 1, agile 1, clarity, clever 1, deterioration 1, subdued magic 1
a: Bend Time, Temporal Distortion, Slouch, Renounce Religion


You were on level 2 of the Depths.
You worshipped Cheibriados.
Cheibriados was greatly pleased with you.
You were very full.

You visited 5 branches of the dungeon, and saw 26 of its levels.
You also visited: Labyrinth, Bailey and Ice Cave.

You collected 2906 gold pieces.
You spent 1170 gold pieces at shops.

Inventory:

Missiles
 l - 9 throwing nets (quivered)
Armour
 c - a +1 pair of gloves of strength (worn)
 h - a +2 robe of the Archmagi (worn)
 o - the +2 pair of boots of Narcissism (worn) {rElec Int+3}
   (You found it on level 6 of the Lair of Beasts)

   It affects your intelligence (+3).
   It insulates you from electricity.
 r - a +0 shield (worn)
 A - a +1 cloak of magic resistance (worn)
Jewellery
 i - an amulet of the gourmand (around neck)
 y - an uncursed ring of protection from magic
 B - an uncursed ring of positive energy
 K - the ring "Xedobrar" (left hand) {AC+5 Dex+2}
   (You took it off a minotaur in a labyrinth)

   [ring of protection]

   It affects your AC (+5).
   It affects your dexterity (+2).
 L - an uncursed ring of see invisible
 Q - an uncursed ring of protection from cold
 Z - a ring of protection from fire (right hand)
Wands
 g - a wand of teleportation (2/9)
 k - a wand of paralysis (2/24)
 m - a wand of lightning (8/15)
 u - a wand of enslavement (8/24)
 x - a wand of flame (34/48)
 P - a wand of confusion (27/48)
Scrolls
 e - a scroll of holy word
 f - 2 scrolls of fog
 j - 11 scrolls of remove curse
 q - 3 scrolls of fear
 s - 3 scrolls of enchant weapon
 R - 2 scrolls of magic mapping
 T - 5 scrolls of identify
Potions
 a - 4 potions of lignification
 b - 2 potions of brilliance
 t - 7 potions of heal wounds
 v - 3 potions of magic
 w - 2 potions of resistance
 C - 2 potions of ambrosia
 F - 7 potions of curing
 G - 2 potions of cancellation
 M - 3 potions of agility
 O - 2 potions of flight
 S - a potion of cure mutation
 U - 2 potions of might
 Y - 2 potions of invisibility
Books
 X - a book of Spatial Translocations

   Spells                             Type                      Level
   a - Apportation                    Translocation                1
   b - Blink                          Translocation                2
   c - Shroud of Golubria             Charms/Translocation         2
   d - Portal Projectile              Translocation                3
   e - Teleport Other                 Translocation                3
   f - Passage of Golubria            Translocation                4
Miscellaneous
 p - a lamp of fire
 D - a sack of spiders
 I - a fan of gales
 J - a phial of floods
 V - 2 phantom mirrors
Comestibles
 d - 13 bread rations
 E - 8 meat rations
 H - 15 fruits


   Skills:
 - Level 12.3 Fighting
 - Level 10.6 Armour
 - Level 10.4 Dodging
 - Level 1.5 Stealth
 * Level 14.2 Shields
 - Level 15.0 Unarmed Combat
 - Level 3.2 Spellcasting
 - Level 3.0 Charms
 - Level 2.0 Necromancy
 - Level 4.5 Translocations
 + Level 5.2 Transmutations
 + Level 4.7 Earth Magic
 - Level 10.0 Invocations
 - Level 6.3 Evocations


You had 2 spell levels left.
You knew the following spells:

 Your Spells              Type           Power        Failure   Level  Hunger
a - Apportation           Tloc           ####......   1%          1    None
b - Summon Butterflies    Summ           #.......     10%         1    None
c - Blink                 Tloc           N/A          1%          2    #......
d - Passage of Golubria   Tloc           N/A          14%         4    ####...
e - Passwall              Tmut/Erth      ####......   1%          2    #......
f - Statue Form           Tmut/Erth      ####.....    99%         6    #######
q - Regeneration          Chrm/Necr      ###.......   10%         3    ###....


Dungeon Overview and Level Annotations

Branches:
Dungeon (15/15)            Temple (1/1) D:6            Lair (6/6) D:11
  Swamp (0/4) Lair:2        Snake (0/4) Lair:3        Slime (0/5) Lair:6
    Orc (2/2) D:9             Elf (0/3) Orc:2        Depths (2/5) D:15
 Vaults: D:13-14

Altars:
Ashenzari
Cheibriados
Dithmenos
Elyvilon
Fedhas
Gozag
Hepliaklqana
Kikubaaqudgha
Makhleb
Okawaru
Qazlal
Ru
Sif Muna
Uskayaw
Vehumet
Xom
Yredelemnul
Zin
The Shining One
Beogh
Jiyva

Shops:
Orc:2 !!}[

Portals:
Hell: Depths:1
Abyss: Depths:1
Trove: Depths:1 (give +5 ice dragon armour)

Annotations:
D:1 gnoll (venom halberd)
D:2 Terence
Depths:1 exclusions: orange crystal statue, 3 spriggans, spriggan air mage, spriggan berserker, 3 spriggan defenders, spriggan rider and 3 more exclusions, the Enchantress
Depths:2 exclusion: rakshasa


Innate Abilities, Weirdness & Mutations

You reflexively headbutt those who attack you in melee.
You have a pair of horns on your head.
You are partially covered in thin metallic scales. (AC +2)
You have a somewhat thin skeletal structure. (Dex +2, Stealth)
You are agile. (Dex +2)
You possess an exceptional clarity of mind.
Your mind is acute. (Int +2)
Your body sometimes deteriorates upon taking damage.
Your spells are a little easier to cast, but a little less powerful.


Message History

You kill the deep troll!
Cheibriados appreciates the change of pace.
You kill the deep troll!
Cheibriados thoroughly appreciates the change of pace.
You feel somewhat less full.
Cheibriados lowers the support of your attributes as your movement quickens.
The fire giant completely misses you. You furiously retaliate!
You headbutt the fire giant, but do no damage.
The iron troll closely misses you. You furiously retaliate!
You headbutt the iron troll, but do no damage.
The iron troll completely misses you. You block the iron troll's attack.
Unknown command.
Unknown command.
Unknown command.
You can feel time thicken for a moment.
You feel somewhat less full.
You can no longer step out of the time flow.
Cheibriados lowers the support of your attributes as your movement quickens.
The fire giant misses you. You furiously retaliate!
You headbutt the fire giant. The iron troll bites you!!
You die...

#.......#
#.......#
#.......#
#.......#
#.......#
#.......#
#.......#
#.....T@#
.......C#
........#
######..#
#..# #..#
#..# ...#
...#


You could see a fire giant and an iron troll.

Vanquished Creatures
  A fire giant (Depths:1)
  2 orc warlords (Orc:2)
  2 stone giants (Depths:1)
  4 very ugly things
  2 vampire knights
  The ghost of Kidiri the Thaumaturge, a journeyman DEFE of Vehumet (Orc:1)
  Nessos (Lair:4)
  Azrael (Orc:2)
  2 ettins (Depths:1)
  2 fire dragons
  A minotaur (Lab)
  6 hydras
  2 ice dragons
  A spriggan air mage (Depths:2)
  A centaur warrior (Depths:1)
  The ghost of Amnesiac the Grappler, a novice TrBe of Trog (Lair:3)
  4 catoblepae
  An ogre mage (Depths:1)
  A queen ant (Lair:1)
  A deep troll shaman (Depths:2)
  14 death yaks (Lair:6)
  3 tengu warriors
  5 orc high priests (Orc:2)
  Urug (D:12)
  2 deep trolls (Depths:2)
  A flayed ghost (D:11)
  A giant orange brain (Depths:2)
  3 unseen horrors
  10 hill giants
  A wizard (D:14)
  A deep elf mage (D:12)
  2 phantasmal warriors
  10 orc sorcerers
  18 ugly things
  3 cyclopes
  A wolf spider zombie (D:15)
  4 manticores
  3 ice statues (IceCv)
  2 centaur zombies
  3 black mambas
  Joseph (D:8)
  4 spiny frogs
  A torpor snail (Lair:6)
  5 yaktaurs (Depths:1)
  9 komodo dragons
  5 rime drakes
  A freezing wraith (D:15)
  The ghost of Amnesiac the Ruffian, an amateur TrBe of Trog (D:8)
  7 trolls
  A tengu conjurer (D:15)
  A jumping spider (shapeshifter) (D:12)
  6 two-headed ogres
  A giant leech (Lair:2)
  2 polar bears
  Prince Ribbit (D:6)
  8 slime creatures
  15 blink frogs
  8 dream sheep (Lair:6)
  A boulder beetle (Lair:6)
  A spriggan (D:8)
  2 air elementals (Depths:2)
  3 shadows
  2 wyverns
  4 hogs (D:12)
  4 fire elementals (Orc:2)
  3 fire bats (D:11)
  26 yaks
  4 wraiths
  A basilisk (shapeshifter) (Depths:1)
  10 hippogriffs
  7 hungry ghosts
  7 vampire mosquitoes
  Menkaure (D:6)
  2 nagas (Lair:3)
  A warg (Orc:2)
  Duvessa (D:6)
  6 hell hounds
  21 soldier ants
  10 porcupines
  29 orc warriors
  4 water moccasins
  3 sky beasts
  3 black bears
  A phantom (D:8)
  9 ice beasts
  An eye of draining (D:14)
  3 necrophages
  4 boggarts (Depths:1)
  17 ogres
  10 centaurs
  9 crocodiles
  6 wolves (Lair:3)
  A big kobold (D:11)
  13 giant frogs
  10 gnoll sergeants
  Dowan (D:6)
  7 scorpions
  11 killer bees (D:13)
  4 wights (D:6)
  2 electric eels
  6 howler monkeys
  3 giant frog zombies (D:12)
  4 lava snakes (Lab)
  10 crimson imps
  A quasit (D:11)
  5 centaur skeletons
  6 gnoll shamans (Bailey)
  32 orc priests
  8 hounds
  9 jellies
  31 orc wizards
  3 giant frog skeletons
  5 hell rats (Lair:6)
  5 iguanas
  26 worker ants
  A killer bee zombie (D:9)
  2 hound zombies
  2 worker ant zombies
  29 gnolls
  A howler monkey skeleton (D:11)
  8 adders
  36 river rats
  2 shadow imps
  An ooze (Lair:6)
  An adder zombie (D:9)
  A worm (D:3)
  A dart slug (D:3)
  2 giant geckos
  75 orcs
  16 bats
  4 giant cockroaches
  11 goblins
  7 hobgoblins
  6 jackals
  10 kobolds
  4 quokkas
  A giant gecko zombie (D:3)
  A giant newt (D:2)
  A jackal zombie (D:8)
  A quokka skeleton (D:4)
  4 rats
849 creatures vanquished.

Vanquished Creatures (others)
  Kirke (D:12)
  A human (D:12)
  6 fungi
  8 plants (Lair:6)
16 creatures vanquished.

Grand Total: 865 creatures vanquished

Notes
Turn   | Place    | Note
-------+----------+-------------------------------------------
     0 | D:1      | Leszczynek the Minotaur Monk began the quest for the Orb.
     0 | D:1      | Reached XP level 1. HP: 19/19 MP: 0/0
   199 | D:2      | Reached skill level 4 in Unarmed Combat
   199 | D:2      | Reached XP level 2. HP: 25/26 MP: 1/1
   446 | D:3      | Noticed a crimson imp
   596 | D:1      | Reached XP level 3. HP: 16/31 MP: 2/2
   844 | D:3      | Reached skill level 5 in Unarmed Combat
   920 | D:3      | Reached XP level 4. HP: 21/39 MP: 3/3
  1032 | D:4      | Noticed a centaur
  1104 | D:3      | Reached skill level 6 in Unarmed Combat
  1116 | D:3      | Reached XP level 5. HP: 31/45 MP: 4/4
  1190 | D:2      | Found a shimmering altar of Xom.
  1207 | D:2      | Noticed Terence
  1367 | D:3      | Reached skill level 7 in Unarmed Combat
  1468 | D:3      | Reached XP level 6. HP: 51/51 MP: 5/5
  1608 | D:4      | Reached skill level 8 in Unarmed Combat
  1819 | D:4      | Reached XP level 7. HP: 56/58 MP: 6/6
  1918 | D:4      | Reached skill level 4 in Fighting
  2236 | D:5      | Entered Level 5 of the Dungeon
  2318 | D:5      | Reached skill level 5 in Fighting
  2318 | D:5      | Reached skill level 9 in Unarmed Combat
  2329 | D:5      | Gained mutation: Your body sometimes deteriorates upon taking damage. [potion of mutation]
  2329 | D:5      | Gained mutation: You possess an exceptional clarity of mind. [potion of mutation]
  2329 | D:5      | Gained mutation: You have a somewhat thin skeletal structure. (Dex +2, Stealth) [potion of mutation]
  2330 | D:5      | Gained mutation: You are partially covered in thin metallic scales. (AC +2) [potion of beneficial mutation]
  2476 | D:5      | Reached skill level 1 in Armour
  2660 | D:6      | Reached skill level 6 in Fighting
  2660 | D:6      | Reached skill level 2 in Armour
  2667 | D:6      | Reached XP level 8. HP: 51/71 MP: 7/7
  2676 | D:6      | Reached skill level 4 in Dodging
  2738 | D:6      | Found a staircase to the Ecumenical Temple.
  2743 | D:6      | Learned a level 1 spell: Apportation
  2745 | D:6      | Learned a level 1 spell: Summon Butterflies
  2757 | Temple   | Entered the Ecumenical Temple
  2780 | Temple   | Became a worshipper of Cheibriados the Contemplative
  2780 | Temple   | Reached * piety under Cheibriados
  2780 | Temple   | Reached ** piety under Cheibriados
  2850 | D:6      | Identified Fituch's Compendium of Dislocation and Contamination
  2915 | D:6      | Noticed Dowan
  2917 | D:6      | Noticed Duvessa
  2928 | D:6      | Killed Duvessa
  2928 | D:6      | Reached skill level 7 in Fighting
  2928 | D:6      | Reached skill level 3 in Armour
  2932 | D:6      | Killed Dowan
  2932 | D:6      | Reached skill level 1 in Shields
  2953 | D:6      | Reached skill level 2 in Shields
  2988 | D:6      | Noticed Prince Ribbit
  3032 | D:6      | Killed Prince Ribbit
  3032 | D:6      | Reached skill level 4 in Shields
  3091 | D:6      | Noticed Menkaure
  3095 | D:6      | Killed Menkaure
  3109 | D:6      | Reached skill level 5 in Dodging
  3207 | D:6      | Reached skill level 4 in Armour
  3260 | D:7      | Reached XP level 9. HP: 60/79 MP: 8/8
  3279 | D:7      | Reached skill level 6 in Dodging
  3323 | D:7      | Reached *** piety under Cheibriados
  3342 | D:7      | Reached skill level 5 in Armour
  3586 | D:7      | Found a flagged portal.
  3595 | Bailey   | Entered a bailey
  3601 | Bailey   | Reached skill level 7 in Dodging
  3654 | Bailey   | Reached skill level 1 in Invocations
  3761 | Bailey   | Reached skill level 2 in Invocations
  3772 | Bailey   | Reached skill level 10 in Unarmed Combat
  3774 | Bailey   | Reached **** piety under Cheibriados
  3883 | Bailey   | Reached skill level 3 in Invocations
  4187 | D:8      | Got a bloodstained ring mail
  4198 | D:8      | Identified the +2 ring mail of the Kettle-Drum {Str+8} (You found it on level 8 of the Dungeon)
  4202 | D:8      | Noticed Amnesiac's ghost (amateur TrBe)
  4210 | D:8      | Reached skill level 4 in Invocations
  4218 | D:8      | Killed Amnesiac's ghost
  4259 | D:8      | Gained mutation: Your spells are a little easier to cast, but a little less powerful. [mutagenic meat]
  4262 | D:8      | Gained mutation: Your mind is acute. (Int +2) [mutagenic meat]
  4265 | D:8      | Gained mutation: You are agile. (Dex +2) [mutagenic meat]
  4291 | D:8      | Reached XP level 10. HP: 86/86 MP: 12/12
  4461 | D:8      | Noticed Joseph
  4474 | D:8      | Killed Joseph
  4474 | D:8      | Reached skill level 8 in Dodging
  4474 | D:8      | Reached skill level 5 in Invocations
  4786 | D:8      | Reached skill level 8 in Fighting
  4802 | D:8      | Reached skill level 6 in Invocations
  4811 | D:8      | Found a shadowy altar of Dithmenos.
  5115 | D:10     | Entered Level 10 of the Dungeon
  5141 | D:10     | Killed an unseen horror
  5174 | D:10     | Noticed a hill giant
  5191 | D:10     | Killed a hill giant
  5191 | D:10     | Reached skill level 7 in Invocations
  5198 | D:10     | Reached skill level 9 in Dodging
  5315 | D:11     | Found a staircase to the Lair.
  5328 | D:11     | Reached skill level 6 in Armour
  5382 | D:11     | Noticed a hill giant
  5389 | D:11     | Killed a hill giant
  5389 | D:11     | Reached ***** piety under Cheibriados
  5389 | D:11     | Reached skill level 8 in Invocations
  5389 | D:11     | Reached XP level 11. HP: 78/95 MP: 14/16
  5456 | D:11     | Reached skill level 1 in Evocations
  5528 | D:11     | Reached skill level 11 in Unarmed Combat
  5603 | D:10     | Reached skill level 2 in Evocations
  5709 | D:10     | Noticed a hill giant
  5717 | D:10     | Killed a hill giant
  5744 | D:11     | Found a blossoming altar of Fedhas.
  5749 | D:11     | Reached skill level 3 in Evocations
  5760 | D:11     | Found a runed door.
  5797 | D:11     | Found a blossoming altar of Fedhas.
  5803 | D:11     | Found a shattered altar of Ashenzari.
  5826 | D:11     | Found an iron altar of Okawaru.
  5858 | D:11     | Reached skill level 4 in Evocations
  5864 | D:11     | Found a blossoming altar of Fedhas.
  5889 | D:11     | Found a shimmering altar of Xom.
  5908 | D:11     | Noticed a flayed ghost
  5919 | D:11     | Killed a flayed ghost
  5967 | D:11     | Noticed a hill giant
  5985 | D:11     | Killed a hill giant
  5985 | D:11     | Reached skill level 5 in Evocations
  6053 | D:11     | Noticed a hill giant
  6062 | D:11     | Killed a hill giant
  6126 | D:11     | Reached skill level 6 in Evocations
  6127 | D:11     | Noticed a hill giant
  6133 | D:11     | Killed a hill giant
  6133 | D:11     | Reached skill level 12 in Unarmed Combat
  6241 | D:12     | Noticed Kirke
  6250 | D:12     | Reached XP level 12. HP: 97/103 MP: 13/17
  6253 | D:12     | Killed Kirke
  6253 | D:12     | Reached skill level 9 in Fighting
  6253 | D:12     | Reached skill level 10 in Dodging
  6293 | D:12     | Noticed Urug
  6304 | D:12     | Killed Urug
  6500 | D:12     | Reached skill level 7 in Armour
  6565 | D:12     | Reached ****** piety under Cheibriados
  6583 | D:12     | Noticed a four-headed hydra
  6588 | D:12     | Killed a four-headed hydra
  6656 | D:12     | Found a deep blue altar of Sif Muna.
  6675 | D:12     | Found an opulent altar of Gozag.
  6756 | D:13     | Reached skill level 8 in Armour
  6807 | D:13     | Noticed a seven-headed hydra
  6813 | D:13     | Killed a seven-headed hydra
  6932 | D:13     | Reached skill level 10 in Fighting
  6938 | D:13     | Reached skill level 9 in Armour
  6975 | D:13     | Reached skill level 13 in Unarmed Combat
  7092 | D:13     | Reached skill level 10 in Armour
  7327 | D:14     | Reached XP level 13. HP: 91/114 MP: 18/18
  7378 | D:15     | Entered Level 15 of the Dungeon
  7403 | D:15     | Found a labyrinth entrance.
  7425 | Lab      | Entered a labyrinth
  7995 | Lab      | Noticed a minotaur
  8009 | Lab      | Killed a minotaur
  8011 | Lab      | Got a transparent lead ring
  8033 | Lab      | Got a polished whip {holy}
  8036 | Lab      | Identified the ring "Xedobrar" {AC+5 Dex+2} (You took it off a minotaur in a labyrinth)
  8040 | Lab      | Identified the Reference Book on the Lethal Mountains
  8045 | Lab      | Learned a level 2 spell: Blink
  8050 | Lab      | Learned a level 4 spell: Passage of Golubria
  8053 | Lab      | Learned a level 2 spell: Passwall
  8116 | D:15     | Reached skill level 1 in Translocations
  8288 | D:14     | Reached skill level 2 in Translocations
  8450 | D:15     | Reached skill level 3 in Translocations
  8532 | D:15     | Reached skill level 4 in Translocations
  8551 | D:15     | Reached skill level 14 in Unarmed Combat
  8551 | D:15     | Reached skill level 9 in Invocations
  8718 | D:15     | Noticed a fire dragon
  8729 | D:15     | Killed a fire dragon
  8729 | D:15     | Reached skill level 11 in Fighting
  8739 | D:15     | Reached skill level 1 in Spellcasting
  8757 | D:15     | Found a staircase to the Depths.
  8823 | D:15     | Learned a level 3 spell: Regeneration
  9247 | D:9      | Found a staircase to the Orcish Mines.
  9252 | Orc:1    | Entered Level 1 of the Orcish Mines
  9414 | Orc:1    | Noticed Kidiri's ghost (journeyman DEFE)
  9434 | Orc:1    | Killed Kidiri's ghost
  9436 | Orc:1    | Reached skill level 2 in Spellcasting
  9666 | Orc:2    | Entered Level 2 of the Orcish Mines
  9670 | Orc:2    | Noticed an orc warlord
  9685 | Orc:2    | Reached XP level 14. HP: 87/124 MP: 11/20
  9691 | Orc:2    | Killed an orc warlord
  9744 | Orc:2    | Found a staircase to the Elven Halls.
  9759 | Orc:2    | Found a frozen archway.
  9765 | Orc:2    | Reached skill level 3 in Spellcasting
  9797 | IceCv    | Entered an ice cave
  9977 | IceCv    | Got a transparent plate armour
  9995 | IceCv    | Identified the +1 plate armour "Uschib" {+Blink rC+ rN+ Dex-3} (You found it in an ice cave)
 10041 | Orc:2    | Noticed an orc warlord
 10055 | Orc:2    | Reached skill level 1 in Charms
 10067 | Orc:2    | Killed an orc warlord
 10067 | Orc:2    | Reached skill level 10 in Invocations
 10222 | Orc:2    | Reached skill level 2 in Charms
 10324 | Orc:2    | Noticed Azrael
 10330 | Orc:2    | Killed Azrael
 10479 | Orc:2    | Reached skill level 3 in Charms
 10568 | Orc:2    | Reached skill level 1 in Earth Magic
 10683 | Orc:2    | Found Dukem's Armour Shoppe.
 10683 | Orc:2    | Found Sappyxie's Distillery.
 10683 | Orc:2    | Found Nuweas's Gadget Shoppe.
 10703 | Orc:2    | Reached skill level 2 in Earth Magic
 10717 | Orc:2    | Found Selam's Distillery.
 10736 | Orc:2    | Bought a potion of cancellation for 112 gold pieces
 10736 | Orc:2    | Bought a potion of cancellation for 112 gold pieces
 10736 | Orc:2    | Bought a potion of agility for 56 gold pieces
 10736 | Orc:2    | Bought a potion of curing for 42 gold pieces
 10736 | Orc:2    | Bought a potion of flight for 42 gold pieces
 10736 | Orc:2    | Bought a potion of flight for 42 gold pieces
 10737 | Orc:2    | Bought a potion of lignification for 42 gold pieces
 10737 | Orc:2    | Bought a potion of agility for 56 gold pieces
 10737 | Orc:2    | Bought a potion of might for 56 gold pieces
 10737 | Orc:2    | Bought a potion of might for 56 gold pieces
 10737 | Orc:2    | Bought a potion of curing for 42 gold pieces
 10737 | Orc:2    | Bought a potion of invisibility for 112 gold pieces
 10738 | Orc:2    | Bought a potion of magic for 112 gold pieces
 10740 | Orc:2    | Bought a +1 pair of gloves of strength for 264 gold pieces
 10740 | Orc:2    | Bought a cursed +0 shield for 24 gold pieces
 10747 | Orc:2    | Learned a level 6 spell: Statue Form
 10966 | Lair:1   | Entered Level 1 of the Lair of Beasts
 11058 | Lair:1   | Reached skill level 5 in Shields
 11259 | Lair:2   | Reached skill level 15 in Unarmed Combat
 11261 | Lair:2   | Reached skill level 6 in Shields
 11809 | Lair:2   | Found a staircase to the Swamp.
 11984 | Lair:2   | Reached skill level 3 in Earth Magic
 12036 | Lair:2   | Reached skill level 7 in Shields
 12085 | Lair:3   | Found a staircase to the Snake Pit.
 12192 | Lair:3   | Reached skill level 12 in Fighting
 12339 | Lair:3   | Noticed Amnesiac's ghost (novice TrBe)
 12349 | Lair:3   | Killed Amnesiac's ghost
 12349 | Lair:3   | Reached XP level 15. HP: 110/132 MP: 17/21
 12528 | Lair:4   | Reached skill level 8 in Shields
 12542 | Lair:4   | Noticed Nessos
 12555 | Lair:4   | Reached skill level 1 in Necromancy
 12556 | Lair:4   | Killed Nessos
 12783 | Lair:5   | Reached skill level 9 in Shields
 12946 | Lair:6   | Entered Level 6 of the Lair of Beasts
 13050 | Lair:6   | Reached skill level 2 in Necromancy
 13182 | Lair:6   | Reached skill level 10 in Shields
 13253 | Lair:6   | Reached skill level 1 in Transmutations
 13387 | Lair:6   | Reached skill level 2 in Transmutations
 13396 | Lair:6   | Reached skill level 11 in Shields
 13548 | Lair:6   | Got a pair of jewelled boots
 13559 | Lair:6   | Identified the +2 pair of boots of Narcissism {rElec Int+3} (You found it on level 6 of the Lair of Beasts)
 13688 | Lair:6   | Found a runed door.
 13691 | Lair:6   | Found a viscous altar of Jiyva.
 13691 | Lair:6   | Found a staircase to the Slime Pits.
 13937 | Lair:6   | Reached skill level 12 in Shields
 13937 | Lair:6   | Reached skill level 3 in Transmutations
 14475 | Orc:2    | Found a roughly hewn altar of Beogh.
 14753 | Depths:1 | Entered Level 1 of the Depths
 14850 | Depths:1 | Noticed a fire giant
 14859 | Depths:1 | Noticed a frost giant
 14863 | Depths:1 | Killed a fire giant
 14866 | Depths:1 | Reached skill level 13 in Shields
 14866 | Depths:1 | Reached skill level 4 in Transmutations
 15105 | Depths:1 | Noticed the Enchantress
 15107 | Depths:1 | >stealth 1.5
 15107 | Depths:1 | i have no idea how nobody woke up
 15138 | Depths:1 | Found a portal to a secret trove of treasure.
 15146 | Depths:1 | trove: +5 ice dragon armour
 15221 | Depths:1 | Reached XP level 16. HP: 126/139 MP: 22/22
 15408 | Depths:1 | Reached skill level 4 in Earth Magic
 15443 | Depths:1 | Found a gateway to Hell.
 15501 | Depths:1 | Found a one-way gate to the infinite horrors of the Abyss.
 15625 | Depths:2 | Reached skill level 14 in Shields
 15625 | Depths:2 | Reached skill level 5 in Transmutations
 15746 | Depths:2 | Noticed a sphinx
 15767 | Depths:2 | Slain by an iron troll

Vault maps used:
D:1:      dpeg_arrival_windows_large_door
D:2:      roderic_roman_lattice, xom_teletrap_fun, uniq_terence
D:4:      wad_lake_hut
D:5:      first_bread, uniq_pikel
D:6:      uniq_menkaure, uniq_prince_ribbit1, uniq_duvessa
D:7:      statuecave_lemuel, enter_bailey_2
D:8:      grunt_pizzeria, grunt_dithmenos_shadows, uniq_grum, uniq_joseph
D:9:      orc_0_dummy
D:11:     due_megacathedral, minmay_lair_entry_lava
D:12:     basic_altar, grunt_gozag_breadcrumbs, uniq_urug, uniq_kirke
D:14:     grunt_vaults_entry_tiered, uniq_roxanne
D:15:     grunt_enter_depths_hoard, lab_entry_generic, kennysheep_pointless_box,
          abandoned_shop
Temple:   compressed_dpeg_triangle_lava_temple
Lair:1:   grunt_megastairs_3, serial_bayou_shore_b, serial_bayou_shore_a
Lair:2:   minmay_swamp_entry_worms, minivault_29
Lair:3:   minmay_snake_entry_guardpost_small, infiniplex_staircase_pool
Lair:4:   uniq_nessos
Lair:6:   evilmike_catoblepas_cave, slime_altar_2, minmay_lair_drake_nest
Orc:1:    serial_shops, nicolae_orc_flooded_monolith
Orc:2:    st_orc_mages, portal_ice_cave_rime, david_defended_altar_orc,
          uniq_azrael
Depths:1: hangedman_abyss_entry_splay, hell_entry, nicolae_trove_entry_columns,
          minivault_15, uniq_enchantress
Depths:2: minmay_expanding_squares, marbit_kobold_abyss_entry, hell_entry,
          grunt_megastairs_4, infiniplex_staircase_pool_2, minmay_shoptagon
Lab:      labyrinth_watery, lab_block, nicolae_lab_garden, labyrinth_lava_lair,
          nicolae_lab_lava, lab_fountain, nicolae_lab_starburst,
          labyrinth_skeletal_remains, nicolae_lab_statue, nicolae_lab_blocks
Bailey:   bailey_polearm_gnolls_kennysheep, bailey
IceCv:    ice_cave_statue_garden_chambered

Skill      XL: |  1  2  3  4  5  6  7  8  9 10 11 12 13 14 15 16 |
---------------+-------------------------------------------------+-----
Unarmed Combat | 4 5 6 7 8 9 10 12 13 14 15 | 15.0
Fighting       | 6 7 8 10 11 12 | 12.3
Armour         | 2 4 5 6 10 | 10.6
Dodging        | 5 7 9 10 | 10.4
Shields        | 4 7 13 14 | 14.2
Invocations    | 4 8 9 10 | 10.0
Evocations     | 6 |  6.3
Translocations | 4 |  4.5
Spellcasting   | 2 3 |  3.2
Charms         | 3 |  3.0
Earth Magic    | 3 4 |  4.7
Necromancy     | 2 |  2.0
Transmutations | 4 5 |  5.2
Stealth        | |  1.5

Action                   |  1- 3 |  4- 6 |  7- 9 | 10-12 | 13-15 | 16-18 || total
-------------------------+-------+-------+-------+-------+-------+-------++-------
Melee: Unarmed           |    70 |   103 |   319 |   420 |  1131 |   106 ||  2149
       Headbutt          |    11 |    16 |   113 |   147 |   423 |    54 ||   764
       Punch             |       |     2 |     6 |       |       |       ||     8
Throw: Throwing net      |       |       |       |       |       |     1 ||     1
 Cast: Apportation       |       |       |       |     1 |     4 |     8 ||    13
       Regeneration      |       |       |       |       |    16 |    10 ||    26
Invok: Bend Time         |       |       |     3 |     2 |     9 |       ||    14
       Slouch            |       |       |       |     1 |    20 |     7 ||    28
Evoke: Wand              |       |       |     5 |       |     4 |       ||     9
  Use: Potion            |       |     3 |     2 |       |     2 |     1 ||     8
       Scroll            |       |       |    17 |     8 |    12 |     1 ||    38
 Stab: Sleeping          |     2 |       |     1 |     8 |    20 |     1 ||    32
       Distracted        |       |       |     1 |       |     7 |       ||     8
       Held in net/web   |       |       |       |       |       |     1 ||     1
  Eat: Chunk             |       |    16 |    18 |     5 |    25 |     3 ||    67
       Royal jelly       |       |       |       |       |     2 |       ||     2
Armor: Robe              |     7 |       |       |       |    58 |    21 ||    86
       Ring mail         |     1 |    23 |    56 |    86 |    34 |       ||   200
       Crystal plate arm |       |       |    33 |       |       |       ||    33
       Scale mail        |       |       |    27 |       |       |       ||    27
       Ice dragon armour |       |       |       |       |    92 |       ||    92
Dodge: Dodged            |    36 |    61 |   234 |   326 |   622 |    76 ||  1355
Block: Buckler           |       |       |   123 |   165 |   191 |       ||   479
       Shield            |       |       |       |       |   356 |    94 ||   450
